 Dungeon Crawl Stone Soup version 0.29.1-15-g9cfb28693d (webtiles) character file.

Game seed: 92993064402538455

49 EarthwalkerPL the Chopper (level 3, -1/28 HPs)
             Began as a Demonspawn Gladiator on Apr 8, 2023.
             Slain by a quokka (4 damage)
             ... on level 2 of the Dungeon.
             The game lasted 00:02:28 (2007 turns).

EarthwalkerPL the Chopper (Demonspawn Gladiator)    Turns: 2007, Time: 00:02:28

Health: -1/28      AC:  3    Str: 16    XL:     3   Next: 51%
Magic:  3/3        EV: 12    Int: 15    God:
Gold:   42         SH:  0    Dex: 14    Spells: 2/2 levels left

rFire   . . .      SeeInvis .   a - +0 war axe
rCold   . . .      Faith    .   (no shield)
rNeg    . . .      Spirit   .   b - +0 leather armour
rPois   .          Reflect  .   (helmet restricted)
rElec   .          Harm     .   (no cloak)
rCorr   .          Rampage  .   (no gloves)
Will    .....                   (no boots)
Stlth   +.........              (no amulet)
HPRegen 0.09/turn               h - +6 ring of intelligence
MPRegen 0.08/turn               (no ring)

@: no status effects
A: antennae 1, sturdy frame 1
a: no special abilities


You were on level 2 of the Dungeon.
You visited 1 branch of the dungeon, and saw 2 of its levels.

You collected 42 gold pieces.

Inventory:

Hand Weapons
 a - a +0 war axe (weapon)
Missiles
 d - 3 throwing nets (quivered)
 e - 7 javelins
 g - 4 curare-tipped darts
Armour
 b - a +0 leather armour (worn)
 c - a +0 helmet
Jewellery
 h - a +6 ring of intelligence (left hand)
Scrolls
 f - a scroll of amnesia {unknown}
 j - a scroll of summoning {unknown}
 l - 2 scrolls of teleportation {unknown}
 m - 2 scrolls of identify {unknown}
Potions
 i - a potion of berserk rage {unknown}
 k - a potion of heal wounds {unknown}
 n - a potion of haste


   Skills:
 * Level 2.6 Fighting
 * Level 3.2 Axes
 + Level 2.0 Throwing
 * Level 1.1 Armour
 + Level 2.8 Dodging


You had 2 spell levels left.
You didn't know any spells.
Your spell library was empty.

Dungeon Overview and Level Annotations

Branches:
Dungeon (2/15)

Altars:

Shops:
D:2 *


Innate Abilities, Weirdness & Mutations

You have a pair of small antennae on your head.
Your movements are slightly less encumbered by armour. (ER -2)


Message History

The frilled lizard bites you.
You barely miss the frilled lizard.
The frilled lizard is heavily wounded.
A quokka comes into view.
The frilled lizard misses you. The goblin misses you.
The frilled lizard bites you but does no damage.
You barely miss the frilled lizard.
The frilled lizard is heavily wounded.
You closely miss the goblin. x2; The goblin unwields a +0 sling.
The goblin wields a +0 club.
The goblin misses you. The goblin hits you with a +0 club.
The frilled lizard bites you but does no damage.
Unknown command.
You are too injured to fight recklessly!
You are too injured to fight recklessly!
You are too injured to fight recklessly!
Unknown command.
You closely miss the goblin. You closely miss the frilled lizard.
You slash the goblin!
You kill the goblin!
The frilled lizard bites you. The goblin misses you.
Unknown command.
You closely miss the goblin. You hit the frilled lizard.
You kill the frilled lizard!
The goblin hits you but does no damage. x2
The hobgoblin hits you but does no damage.
Unknown command.
You barely miss the goblin. You closely miss the hobgoblin.
The goblin hits you with a +0 club. The hobgoblin hits you.
* * * LOW HITPOINT WARNING * * *
You completely miss the hobgoblin. You barely miss the goblin.
The goblin hits you with a +0 club.
* * * LOW HITPOINT WARNING * * *
The hobgoblin hits you.
* * * LOW HITPOINT WARNING * * *
Unknown command.
You closely miss the hobgoblin. You hit the quokka. You miss the goblin.
The goblin barely misses you. The hobgoblin barely misses you.
The quokka bites you.
You die...

....#....#.....#..##+#..
.........)>.†..<.# ###
...#....##.######......
#....##.# .#####
#....##.####
#....##..).#
######....#####.r.#
...........# ##...#
#####....@.# ..#
#...rgg# .# #........ ..
#.......... .
#...........#
#...........#
##.####.....# #. .....#


You could see a quokka, a hobgoblin and a goblin.

Vanquished Creatures
  A worm (D:2)
  2 dart slugs (D:1)
  2 ball pythons (D:1)
  2 bats (D:1)
  5 endoplasms
  2 giant cockroaches
  5 goblins
  5 hobgoblins
  2 kobolds
  2 quokkas
  5 frilled lizards
  3 rats
36 creatures vanquished.

Vanquished Creatures (others)
  A ball python (D:1)
1 creature vanquished.

Grand Total: 37 creatures vanquished

Notes
Turn   | Place    | Note
-------+----------+-------------------------------------------
     0 | D:1      | EarthwalkerPL the Demonspawn Gladiator began the quest for
                  | the Orb.
     0 | D:1      | Reached XP level 1. HP: 16/16 MP: 1/1
   520 | D:1      | Gained mutation: You have a pair of small antennae on your
                  | head. [demonic ancestry]
   520 | D:1      | Reached XP level 2. HP: 21/22 MP: 2/2
   779 | D:1      | Reached skill level 3 in Axes
  1091 | D:1      | Reached skill level 1 in Armour
  1434 | D:1      | Gained mutation: Your movements are slightly less
                  | encumbered by armour. (ER -2) [demonic ancestry]
  1434 | D:1      | Reached XP level 3. HP: 26/28 MP: 3/3
  1729 | D:2      | Found Kepnulir's General Store.
  2007 | D:2      | Slain by a quokka

Illustrated notes

Levels and vault maps discovered:
D:1:      dpeg_arrival_castle, layout_basic, minmay_split_cup_large
D:2:      layout_basic, serial_shops, nicolae_shop_hallway_plus

Skill      XL: |  1  2 |
---------------+-------+-----
Axes           | 3 |  3.2
Armour         | 1 |  1.1
Throwing       | 2 |  2.0
Fighting       | |  2.6
Dodging        | |  2.8

Action                   || total
-------------------------++-------
Melee: War axe           ||   106
 Stab: Sleeping          ||     1
Armor: Leather armour    ||    38
Dodge: Dodged            ||   100
